 Dungeon Crawl Stone Soup version 0.29-a0-1052-g6990b1bffc (webtiles) character file.

Game seed: 11562179064743971502

6161 spiderkeys the Arsonist (level 10, -6/63 HPs)
             Began as an Octopode Fire Elementalist on Aug 18, 2022.
             Was a Follower of Vehumet.
             Mangled by a seven-headed hydra (9 damage)
             ... on level 1 of the Lair of Beasts.
             The game lasted 00:22:57 (12038 turns).

spiderkeys the Arsonist (OpFE)                     Turns: 12038, Time: 00:22:57

Health: -6/63      AC:  5    Str: 16 (17) XL:     10   Next: 90%
Magic:  1/31       EV: 18    Int: 27      God:    Vehumet [*.....]
Gold:   456        SH:  0    Dex: 16 (19) Spells: 17/25 levels left

rFire   + + +      SeeInvis .   K - +6 quarterstaff "Zoffiuco" {vorpal, rPois rF++ rC- Str+3}
rCold   x . .      Faith    .   (shield currently unavailable)
rNeg    . . .      Spirit   .   (helmet restricted)
rPois   +          Reflect  .   (no amulet)
rElec   .          Harm     .   S - +6 ring of strength
rCorr   .          Rampage  .   D - +6 ring of dexterity
Will    .....      Clarity  +   I - +6 ring of intelligence
Stlth   +++.......              W - ring of magical power
HPRegen 0.20/turn               O - +4 ring of protection
MPRegen 0.22/turn               E - +4 ring of evasion
                                (no ring)
                                (no ring)

@: no status effects
A: almost no armour, amphibious, 8 rings, camouflage 1, gelatinous body 1,
(nimble swimmer 1), tentacles, tentacle spike 1, clarity, fire resistance 1
a: Renounce Religion


You were on level 1 of the Lair of Beasts.
You worshipped Vehumet.
Vehumet was aware of your devotion.
You visited 3 branches of the dungeon, and saw 12 of its levels.
You also visited: Volcano.

You collected 647 gold pieces.
You spent 191 gold pieces at shops.


Innate Abilities, Weirdness & Mutations

You cannot wear most types of armour.
You are amphibious.
You can wear up to eight rings at the same time.
Your skin changes colour to match your surroundings (Stealth+).
Your rubbery body absorbs attacks. (AC +1, EV +1)
((You are camouflaged when in or above water. (Stealth+)))
You have tentacles for arms and can constrict up to eight enemies at once.
One of your tentacles bears a spike.
You possess an exceptional clarity of mind.
Your flesh is heat resistant. (rF+)


   Skills:
 - Level 4.0 Fighting
 - Level 4.0 Dodging
 - Level 2.6 Stealth
 - Level 8.0 Spellcasting
 - Level 8.0 Conjurations
 + Level 10.3 Fire Magic


You had 17 spell levels left.
You knew the following spells:

 Your Spells              Type           Power      Damage    Failure   Level
a - Apportation           Tloc           20%        N/A       5%          1
f - Foxfire               Conj/Fire      100%       2x1d9     1%          1
X - Scorch                Fire           100%       2d10      1%          2
Y - Flame Wave            Conj/Fire      57%        2d14      1%          4

Your spell library contained the following spells:

 Spells                   Type           Power      Damage    Failure   Level
 Shock                    Conj/Air       100%       1d9       1%          1
 Conjure Flame            Conj/Fire      57%        6-21      1%          3
 Inner Flame              Hex/Fire       38%        N/A       1%          3
 Slow                     Hex            40%        N/A       5%          1
 Blink                    Tloc           20%        N/A       8%          2
 Ensorcelled Hibernation  Hex/Ice        20%        N/A       8%          2
 Passwall                 Tmut/Erth      8%         N/A       8%          2
 Sublimation of Blood     Necr           10%        N/A       8%          2
 Wereblood                Tmut           10%        N/A       8%          2
 Confusing Touch          Hex            10%        N/A       16%         3
 Spider Form              Tmut/Pois      10%        N/A       16%         3
 Swiftness                Air            10%        N/A       16%         3
 Vampiric Draining        Necr           10%        2d6       16%         3
 Anguish                  Hex/Necr       5%         N/A       45%         4
 Alistair's Intoxication  Tmut/Pois      6%         N/A       82%         5
 Manifold Assault         Tloc           10%        N/A       82%         5
 Storm Form               Tmut/Air       5%         N/A       100%        7
 Summon Hydra             Summ           5%         N/A       100%        7

Inventory:

Hand Weapons
 y - a +1 dagger of protection
   (You found it on level 5 of the Dungeon)
 K - the +6 quarterstaff "Zoffiuco" (weapon) {vorpal, rPois rF++ rC- Str+3}
   (You found it on level 8 of the Dungeon)

   It inflicts extra damage upon your enemies.
   Str:       It affects your strength (+3).
   rF:        It greatly protects you from fire.
   rC:        It makes you vulnerable to cold.
   rPois:     It protects you from poison.
Missiles
 c - 49 stones
 m - 8 poisoned darts
 o - 3 boomerangs
 r - 6 javelins
 G - a curare-tipped dart {=f}
Magical Staves
 z - a staff of death {!a}
   (You found it on level 5 of the Dungeon)
Jewellery
 D - a +6 ring of dexterity (right tentacle)
   (You found it on level 1 of the Dungeon)
 E - a +4 ring of evasion (on tentacle)
   (You found it on level 8 of the Dungeon)
 I - a +6 ring of intelligence (on tentacle)
   (You found it on level 4 of the Dungeon)
 O - a +4 ring of protection (on tentacle)
   (You found it on level 8 of the Dungeon)
 S - a +6 ring of strength (left tentacle)
   (You found it on level 1 of the Dungeon)
 W - a ring of magical power (on tentacle)
   (You found it on level 7 of the Dungeon)
Wands
 b - a wand of charming (2)
   (You found it on level 9 of the Dungeon)
 u - a wand of flame (13)
   (You found it on level 4 of the Dungeon)
 H - a wand of roots (19)
   (You found it on level 8 of the Dungeon)
Scrolls
 d - 3 scrolls of enchant armour
 e - 2 scrolls of immolation {!r!r}
 h - 2 scrolls of amnesia
 j - a scroll of noise {!r}
 q - a scroll of enchant weapon
 t - 2 scrolls of magic mapping {!r}
 w - a scroll of identify {@r1}
 x - 2 scrolls of blinking {!r}
 A - a scroll of fear
 B - a scroll of brand weapon
 C - a scroll of fog
Potions
 a - 3 potions of magic
 f - 8 potions of curing {@q1}
 g - a potion of heal wounds {@q2}
 i - a potion of resistance
 k - a potion of attraction {!q}
 l - a potion of invisibility
 n - a potion of degeneration {!q}
 p - 3 potions of brilliance
 s - a potion of flight
 J - a potion of haste {@q3}

Dungeon Overview and Level Annotations

Branches:
Dungeon (10/15) Zot: 26712  Temple (1/1) D:4 Zot: 5956    Lair (1/5) D:9 Zot: 5602
Volcano (visited)
    Orc: D:9-12

Altars:
Ashenzari
Cheibriados
Dithmenos
Elyvilon
Fedhas
Gozag
Hepliaklqana
Kikubaaqudgha
Makhleb
Nemelex Xobeh
Okawaru
Qazlal
Ru
Sif Muna
Trog
Uskayaw
Vehumet
Wu Jian
Xom
Yredelemnul
Zin
The Shining One

Shops:
D:2 :   D:5 *((?( D:9

(
*,,**,*,*,,,,,,,,*~,~,
*********,,,,,,,,,~~~~
*,*,*,,,,,,,~,
*,****,,,,~~,~ **,*
*#..,,,,,,
**,,###...,,,~,~
####,,,.....,,,*~~,
#☼§##**..h##*,,,,~~
*#@☼# *†...#*#h.,,,
#D####h..####h.,**
#☼☼#......##...,,,
#☼.○.....D.....***
##☼○####..###..* #.§##
**^# *#h### *#### *,,*
#...# **,,,*** *,**
*#.## **,,,,,,* *,**
#..#


You could see a seven-headed hydra (combustible).


Message History

The komodo dragon attacks as you move away!
The komodo dragon misses you.
Okay, then.
The air fills with toxic fumes!
As you read the scroll of poison, it crumbles to dust.
The komodo dragon bites you but does no damage.
The wolf is engulfed in poison gas.
The wolf is poisoned. 😎 MP[+1]
Casting: Scorch (safe; 1% risk of failure)
Confirm with . or Enter, or press ? or * to list all spells.
Flames lash the wolf.
The wolf's fire resistance burns away.
You hear a howl!
The wolf is poisoned.
The wolf is engulfed in poison gas.
The wolf looks even sicker.
The wolf is engulfed in poison gas.
The wolf looks even sicker.
The komodo dragon closely misses you. 😎 MP[-2]
You lost 2 mp, and now have 14/31 mp.
Casting: Scorch (safe; 1% risk of failure)
Confirm with . or Enter, or press ? or * to list all spells.
Casting: Flame Wave (dangerous; 1% risk of failure)
Press: ? - help, Dir - look around, f - activate A wave of flame ripples out!
The flame wave engulfs the komodo dragon! (Press . to intensify the flame waves.)
You hear a howl!
You hear a bellow!
The wolf is engulfed in poison gas.
The wolf looks even sicker. x2
The komodo dragon misses you.
You hear a bellow! x4 😎 MP[-4]
You lost 4 mp, and now have 10/31 mp.
A wave of flame ripples out!
The flame wave engulfs the komodo dragon!!
The flame wave engulfs the wolf.
The wolf is burned terribly!
The flame wave engulfs the wolf!
You kill the wolf!
Vehumet accepts your kill.
The wolf is engulfed in poison gas.
The wolf looks as sick as possible!
You kill the wolf!
Vehumet accepts your kill. The komodo dragon barely misses you.
Your Fire Magic skill increases to level 10! 😎 MP[-1]
You lost 1 mp, and now have 9/31 mp.
A wave of flame ripples out!
The flame wave engulfs the komodo dragon!
You kill the komodo dragon!
Vehumet accepts your kill.
The flame wave engulfs the seven-headed hydra!
You finish channelling waves of flame.
You hear a bellow! x4
Casting: Flame Wave (dangerous; 1% risk of failure)
Confirm with . or Enter, or press ? or * to list all spells.
Flames lash the seven-headed hydra.
The seven-headed hydra's fire resistance burns away. 😎 MP[-2]
You lost 2 mp, and now have 7/31 mp.
Casting: Scorch (safe; 1% risk of failure)
Confirm with . or Enter, or press ? or * to list all spells.
Flames lash the seven-headed hydra.
The seven-headed hydra is burned terribly!
The seven-headed hydra barely misses you.
The seven-headed hydra bites you but does no damage.
The seven-headed hydra bites you! The seven-headed hydra misses you.
The seven-headed hydra bites you. x2
The seven-headed hydra bites you but does no damage. 😮 HP[-16] MP[-2]
You take 16 damage, and now have 47/63 hp.
MASSIVE DAMAGE!! (PAUSE)
You lost 2 mp, and now have 5/31 mp.
Casting: Scorch (safe; 1% risk of failure)
Confirm with . or Enter, or press ? or * to list all spells.
Flames lash the seven-headed hydra.
The seven-headed hydra is burned terribly!
The seven-headed hydra bites you.
The seven-headed hydra closely misses you.
The seven-headed hydra bites you!
The seven-headed hydra bites you but does no damage.
The seven-headed hydra bites you.
* * * LOW HITPOINT WARNING * * *
The seven-headed hydra bites you.
* * * LOW HITPOINT WARNING * * *
The seven-headed hydra barely misses you. 😨 HP[-19] MP[-2]
You take 19 damage, and now have 28/63 hp.
MASSIVE DAMAGE!! (PAUSE)
You lost 2 mp, and now have 3/31 mp.
Casting: Scorch (safe; 1% risk of failure)
Confirm with . or Enter, or press ? or * to list all spells.
Flames lash the seven-headed hydra.
The seven-headed hydra is burned terribly!
The seven-headed hydra bites you!
* * * LOW HITPOINT WARNING * * *
The seven-headed hydra misses you. The seven-headed hydra bites you.
* * * LOW HITPOINT WARNING * * *
The seven-headed hydra bites you!
* * * LOW HITPOINT WARNING * * *
The seven-headed hydra barely misses you.
The seven-headed hydra closely misses you.
The seven-headed hydra bites you!
You die...

Skill      XL: |  1  2  3  4  5  6  7  8  9 10 |
---------------+-------------------------------+-----
Conjurations   | 2 3 4 5 6 8 |  8.0
Spellcasting   | 3 4 6 8 |  8.0
Fire Magic     | 4 5 7 8 10 | 10.3
Fighting       | 4 |  4.0
Dodging        | 4 |  4.0
Stealth        | |  2.6

Action                   |  1- 3 |  4- 6 |  7- 9 | 10-12 || total
-------------------------+-------+-------+-------+-------++-------
Melee: Unarmed           |     5 |       |       |       ||     5
       Tentacles         |     2 |     4 |     7 |     4 ||    17
       Constrict         |     1 |     4 |     7 |     4 ||    16
       Mace              |     1 |       |       |       ||     1
       Dagger            |       |    14 |    22 |       ||    36
       Punch             |       |     1 |     1 |     1 ||     3
       Quarterstaff      |       |       |       |    16 ||    16
       Kick              |       |       |       |     8 ||     8
Throw: Dart              |       |     2 |       |       ||     2
 Cast: Foxfire           |    69 |    56 |   196 |    67 ||   388
       Scorch            |       |     5 |    70 |    49 ||   124
       Flame Wave        |       |       |       |     3 ||     3
Evoke: Wand              |       |       |     1 |     4 ||     5
  Use: Scroll            |       |     4 |     6 |    12 ||    22
       Potion            |       |       |       |    12 ||    12
 Stab: Sleeping          |       |       |     1 |       ||     1
Armor: Skin              |       |     2 |       |     5 ||     7
Dodge: Dodged            |     6 |    15 |    13 |    49 ||    83

Levels and vault maps discovered:
D:1:      wander_arrival_fairy_ring, layout_basic, skrybe_limestone_x,
          amcnicky_mini_pool_small, kennysheep_flooded_box, st_stairs_6
D:2:      layout_basic, grunt_decor_cap, minmay_misc_feat_cross,
          nicolae_shop_vocational
D:3:      layout_basic, chequers_serial_rivers_micro_a
D:4:      layout_loops_corners, minmay_temple_entry_arrows, uniq_grinder
D:5:      minmay_razor_zed, layout_basic, mainiacjoe_overflow_chevrons,
          amcnicky_altar_gilded, serial_shops, shop, shop, nicolae_square_shop,
          shop, nicolae_inconvenience_store, uniq_edmund, uniq_pikel,
          uniq_blork_the_orc
D:6:      layout_loops_ring, grunt_ashenzari_visionary
          [grunt_ashenzari_visionary_swamp, grunt_ashenzari_visionary_snake],
          hangedman_decor_push, uniq_maggie
D:7:      layout_basic, mainiacjoe_overflow_six_doors_small, old_standard_altar,
          eat_drink_and_be_merry_uskayaw, mainiacjoe_overflow_swirl,
          minmay_misc_feat_chi
D:8:      layout_loops_ring, mainiacjoe_overflow_brackets, serial_bayou_pond_b
D:9:      layout_roguey, nicolae_ru_path_of_blood, demons_altar,
          david_lair_shrubbed, serial_shops, nicolae_shop_trees
D:10:     minmay_ornate_pinched, layout_gridville, serial_shops,
          nicolae_shop_bloodbath_and_beyond
Temple:   hellmonk_temple_of_storms
Lair:1:   layout_layer_cave, nicolae_volcano_entry_lava_flow,
          ebering_ghost_rock_garden, chequers_serial_rivers_room_b,
          nicolae_quartered_pool_little

Notes
Turn   | Place    | Note
-------+----------+-------------------------------------------
     0 | D:1      | spiderkeys the Octopode Fire Elementalist began the quest
                  | for the Orb.
     0 | D:1      | Reached XP level 1. HP: 11/11 MP: 3/3
     0 | D:1      | magus.rc [v1.11.3]
   187 | D:1      | Reached XP level 2. HP: 17/17 MP: 1/5
   330 | D:1      | You pick up a book of Party Tricks and begin reading...
   330 | D:1      | You add the spells Apportation and Alistair's Intoxication
                  | to your library.
   876 | D:1      | Reached XP level 3. HP: 21/21 MP: 3/6
  1230 | D:2      | Found Acham Wehe's Vocational Training.
  1327 | D:2      | Reached skill level 2 in Conjurations
  1525 | D:2      | Learned a level 2 spell: Scorch
  1739 | D:2      | Reached XP level 4. HP: 27/27 MP: 2/8
  1990 | D:2      | You pick up a book of Debilitation and begin reading...
  1990 | D:2      | You add the spells Slow, Vampiric Draining and Confusing
                  | Touch to your library.
  3047 | D:3      | Noticed a black bear
  3056 | D:3      | Killed a black bear
  3057 | D:3      | Reached skill level 3 in Spellcasting
  3057 | D:3      | Reached skill level 3 in Conjurations
  3057 | D:3      | Reached skill level 4 in Fire Magic
  3057 | D:3      | Reached XP level 5. HP: 24/31 MP: 0/10
  3570 | D:4      | Noticed Grinder
  3571 | D:4      | Reached XP level 6. HP: 36/36 MP: 4/11
  3639 | D:4      | Found a staircase to the Ecumenical Temple.
  3645 | Temple   | Entered the Ecumenical Temple
  3697 | D:4      | Killed Grinder
  3698 | D:4      | Reached skill level 4 in Spellcasting
  3698 | D:4      | Reached skill level 4 in Conjurations
  3698 | D:4      | Reached skill level 5 in Fire Magic
  3698 | D:4      | Reached XP level 7. HP: 26/41 MP: 4/13
  4986 | D:4      | Learned a level 4 spell: Flame Wave
  5007 | D:5      | Entered Level 5 of the Dungeon
  5010 | D:5      | Learned a level 1 spell: Apportation
  5024 | D:5      | Found Laff's Weapon Emporium.
  5142 | D:5      | Found Inasyabi's Weapon Emporium.
  5212 | D:5      | Reached skill level 5 in Conjurations
  5212 | D:5      | Reached XP level 8. HP: 46/46 MP: 9/15
  5281 | D:5      | Found Siguuvyf's Magic Scroll Shoppe.
  5294 | D:5      | Reached skill level 5 in Spellcasting
  5294 | D:5      | Reached skill level 6 in Fire Magic
  5381 | D:5      | Bought a scroll of blinking for 75 gold pieces
  5456 | D:5      | Noticed Pikel
  5477 | D:5      | Killed Pikel
  5666 | D:5      | Reached skill level 6 in Conjurations
  5933 | D:5      | Noticed Edmund
  5940 | D:5      | Killed Edmund
  5941 | D:5      | Reached skill level 6 in Spellcasting
  5941 | D:5      | Reached skill level 7 in Fire Magic
  6016 | D:5      | You add the spells Blink, Manifold Assault and Storm Form
                  | to your library.
  6094 | D:5      | Reached XP level 9. HP: 28/51 MP: 8/18
  6255 | D:5      | Found Mavuicur's Weapon Shoppe.
  6272 | D:5      | Found a shadowy altar of Dithmenos.
  6666 | D:5      | You pick up a book of Burglary and begin reading...
  6666 | D:5      | You add the spells Passwall, Ensorcelled Hibernation and
                  | Swiftness to your library.
  6957 | D:5      | Found Myent's Assorted Antiques.
  6960 | D:5      | Found a blossoming altar of Fedhas.
  6963 | D:5      | Bought a fizzy white potion for 22 gold pieces
  6963 | D:5      | Bought 2 scrolls labelled GAOQODIAPOFO for 50 gold pieces
  6963 | D:5      | Bought a green potion for 22 gold pieces
  6963 | D:5      | Bought a yellow potion for 22 gold pieces
  7005 | D:5      | Noticed Blork the orc
  7010 | D:5      | Killed Blork the orc
  7402 | D:6      | Found a broken altar of Ashenzari.
  7406 | D:6      | Saw a vision of the Swamp and the Snake Pit.
  7406 | D:6      | Noticed a salamander
  7406 | D:6      | Noticed a black mamba
  7406 | D:6      | Noticed a bog body
  7406 | D:6      | Noticed an alligator
  7406 | D:6      | Noticed a ghost crab
  7406 | D:6      | Noticed a naga mage
  7406 | D:6      | Noticed a naga sharpshooter
  7406 | D:6      | Noticed a black mamba
  7406 | D:6      | Noticed a spriggan rider
  7407 | D:6      | Noticed a seven-headed hydra
  7407 | D:6      | Noticed a naga sharpshooter
  7407 | D:6      | Noticed a mana viper
  7407 | D:6      | Noticed a tyrant leech
  7408 | D:6      | Noticed a naga ritualist
  7408 | D:6      | Noticed a black mamba
  7559 | D:6      | Reached skill level 7 in Conjurations
  7953 | D:6      | Noticed Maggie
  7969 | D:6      | Killed Maggie
  7970 | D:6      | Reached skill level 7 in Spellcasting
  7970 | D:6      | Reached skill level 8 in Fire Magic
  8587 | D:7      | Found a hide-covered altar of Uskayaw.
  8624 | D:7      | Found a basalt altar of Yredelemnul.
  8738 | D:7      | Reached skill level 8 in Conjurations
  8908 | D:7      | Found an opulent altar of Gozag.
  8963 | D:7      | Found a radiant altar of Vehumet.
  8966 | D:7      | Became a worshipper of Vehumet
  9108 | D:7      | Found a glowing golden altar of the Shining One.
  9261 | D:7      | Reached skill level 8 in Spellcasting
  9261 | D:7      | Reached XP level 10. HP: 57/57 MP: 22/22
  9345 | D:8      | Found a glowing silver altar of Zin.
  9375 | D:8      | Identified the +6 quarterstaff "Zoffiuco" {vorpal, rPois
                  | rF++ rC- Str+3}
  9458 | D:8      | Reached skill level 1 in Fighting
  9619 | D:8      | Reached * piety under Vehumet
  9619 | D:8      | Offered knowledge of Shock by Vehumet.
  9620 | D:8      | Reached skill level 2 in Fighting
  9620 | D:8      | Reached skill level 3 in Dodging
  9927 | D:8      | Identified the +0 ring mail of Emejiyssuch {rElec Int+3}
 10335 | D:8      | Gained mutation: Your flesh is heat resistant. (rF+)
                  | [potion of mutation]
 10335 | D:8      | Gained mutation: You possess an exceptional clarity of
                  | mind. [potion of mutation]
 10335 | D:8      | Gained mutation: One of your tentacles bears a spike.
                  | [potion of mutation]
 10368 | D:9      | You pick up a book of Blood and begin reading...
 10368 | D:9      | You add the spells Sublimation of Blood, Wereblood and
                  | Summon Hydra to your library.
 10382 | D:9      | Found a sacrificial altar of Ru.
 10626 | D:9      | Found Ustiucof's Weapon Shoppe.
 10813 | D:9      | Reached skill level 3 in Fighting
 10942 | D:9      | Found a staircase to the Lair.
 10992 | D:9      | Found a burning altar of Makhleb.
 11108 | D:9      | Reached skill level 4 in Dodging
 11179 | D:10     | Entered Level 10 of the Dungeon
 11205 | D:10     | Noticed a gargoyle
 11246 | D:10     | Reached skill level 9 in Fire Magic
 11375 | D:10     | You pick up a book of Dreams and begin reading...
 11375 | D:10     | You add the spells Spider Form and Anguish to your library.
 11381 | D:10     | Noticed a brown ugly thing
 11466 | Lair:1   | Entered Level 1 of the Lair of Beasts
 11473 | Lair:1   | Noticed a death yak
 11473 | Lair:1   | Noticed a death yak
 11474 | Lair:1   | Noticed a cane toad
 11474 | Lair:1   | Noticed a death yak
 11496 | Lair:1   | Killed a cane toad
 11497 | Lair:1   | Reached skill level 4 in Fighting
 11497 | Lair:1   | Found a dark tunnel.
 11508 | Volcano  | Entered a volcano
 11663 | Volcano  | Noticed a molten gargoyle
 11678 | Volcano  | HP: 2/63 [molten gargoyle/+0 flail (20)]
 11703 | Lair:1   | Noticed a death yak
 11704 | Lair:1   | Noticed a cane toad
 12018 | Lair:1   | Killed a cane toad
 12025 | Lair:1   | Noticed a seven-headed hydra
 12034 | Lair:1   | Reached skill level 10 in Fire Magic
 12038 | Lair:1   | HP: 11/63 [seven-headed hydra (6)]
 12038 | Lair:1   | HP: 3/63 [seven-headed hydra (8)]
 12038 | Lair:1   | Mangled by a seven-headed hydra

Vanquished Creatures
  Pikel (D:5)
  2 cane toads (Lair:1)
  Maggie (D:6)
  2 komodo dragons
  Grinder (D:4)
  A wyvern (D:9)
  A yak (Lair:1)
  A basilisk (Lair:1)
  2 steam dragons
  Edmund (D:5)
  3 water moccasins
  6 black bears
  An ice beast (D:6)
  A sky beast (D:8)
  2 wolves (Lair:1)
  A centaur (D:5)
  A lemure (D:5)
  A kobold brigand (D:8)
  A phantom (D:5)
  Blork the orc (D:5)
  2 bullfrogs (D:7)
  2 scorpions
  8 wights
  4 killer bees (D:10)
  2 electric eels (D:8)
  A jelly (D:8)
  5 orc priests
  3 hounds
  3 iron imps (D:9)
  7 iguanas
  8 orc wizards
  6 adders
  4 gnolls (D:5)
  3 shadow imps
  A white imp (D:7)
  An ufetubus (D:6)
  3 worms
  7 dart slugs
  30 orcs
  6 ball pythons
  4 bats
  6 endoplasms
  5 giant cockroaches
  6 goblins
  3 hobgoblins
  2 quokkas
  3 frilled lizards (D:1)
  6 kobolds
  3 rats
175 creatures vanquished.

Vanquished Creatures (others)
  A bush (Lair:1)
  618 foxfires
  7 fungi (Lair:1)
  10 plants
636 creatures vanquished.

Grand Total: 811 creatures vanquished

Table legend:
 A = Non-vault XP
 B = Vault XP
 C = Vault XP percentage of total XP
 D = Non-vault monster count
 E = Vault monster count
 F = Vault count percentage of total count
                 A         B        C        D         E       F
            +---------+---------+-------+---------+---------+-------
      Total |    6151 |    2651 |  30.1 |     149 |      25 |  14.4
            +---------+---------+-------+---------+---------+-------
        D:1 |      40 |       2 |   4.8 |      21 |       1 |   4.5
        D:2 |      58 |       0 |   0.0 |      15 |       0 |   0.0
        D:3 |     166 |       0 |   0.0 |      12 |       0 |   0.0
        D:4 |     497 |     281 |  36.1 |      16 |       1 |   5.9
        D:5 |     648 |    1163 |  64.2 |      24 |      14 |  36.8
        D:6 |     476 |     389 |  45.0 |       8 |       1 |  11.1
        D:7 |     945 |       0 |   0.0 |      20 |       0 |   0.0
        D:8 |     825 |     346 |  29.5 |      16 |       4 |  20.0
        D:9 |     428 |     470 |  52.3 |       5 |       4 |  44.4
       D:10 |     246 |       0 |   0.0 |       4 |       0 |   0.0
     Temple |       2 |       0 |   0.0 |       1 |       0 |   0.0
     Lair:1 |    1820 |       0 |   0.0 |       7 |       0 |   0.0
            +---------+---------+-------+---------+---------+-------

Illustrated notes

Table legend:
 A = Kills in this place as a percentage of kills in entire the game.
 B = Kills by you in this place as a percentage of kills by you in the entire game.
 C = Kills by friends in this place as a percentage of kills by friends in the entire game.
 D = Other kills in this place as a percentage of other kills in the entire game.
 E = Experience gained in this place as a percentage of experience gained in the entire game.
 F = Experience gained in this place divided by the number of levels of this place that you have seen.
                   A       B       C       D       E      F
               +-------+-------+-------+-------+-------+----------------------
         Total | 100.0 | 100.0 |   N/A |   N/A | 100.0 | 677.1
       Dungeon |  95.4 |  95.4 |   N/A |   N/A |  79.3 | 698.0
        Temple |   0.6 |   0.6 |   N/A |   N/A |   0.0 |   2.0
          Lair |   4.0 |   4.0 |   N/A |   N/A |  20.7 | 1820.0
               +-------+-------+-------+-------+-------+----------------------

Table legend: (Time is in decaauts)
 A = Elapsed time spent in this place.
 B = Non-inter-level travel time spent in this place.
 C = Inter-level travel time spent in this place.
 D = Time resting spent in this place.
 E = Time spent auto-exploring this place.
 F = Levels seen in this place.
 G = Mean time per level.
                   A        B        C        D        E       F      G
               +--------+--------+--------+--------+--------+-----+--------+
         Total |  12041 |  11691 |    350 |    889 |   9438 |  13 |  926.2 |
       Dungeon |  11424 |  11080 |    344 |    452 |   9408 |  10 | 1142.4 |
        Temple |     43 |     37 |      6 |      0 |     24 |   1 |   43.0 |
          Lair |    396 |    396 |      0 |    288 |      1 |   1 |  396.0 |
       Volcano |    176 |    176 |      0 |    149 |      5 |   1 |  176.0 |
               +--------+--------+--------+--------+--------+-----+--------+

Top non-repeatable levels by time:
     D:5: 2377 daAuts
     D:4: 1364 daAuts
     D:2: 1332 daAuts
     D:1: 1228 daAuts
     D:6: 1052 daAuts
     D:3: 1036 daAuts
     D:8: 1034 daAuts
     D:9: 972 daAuts
     D:7: 892 daAuts
  Lair:1: 396 daAuts
 Volcano: 176 daAuts
    D:10: 132 daAuts
  Temple: 43 daAuts
